[Event "Early-Titled-Tuesday-Blitz-July-09-2024"]
[Site "Chess.com"]
[Date "2024.07.09"]
[Round "2"]
[White "Mattheii"]
[Black "UnTucopalaTimba"]
[Result "1-0"]
[WhiteElo "2454"]
[BlackElo "2150"]
[TimeControl "180+1"]
[EndTime "8:16:14 PDT"]
[Termination "Mattheii won by checkmate"]

1. b4 Nf6 2. Bb2 d5 3. Nf3 Bf5 4. e3 e6 5. b5 a6 6. a4 axb5 7. axb5 Rxa1 8. Bxa1 Be7 9. Be2 O-O 10. O-O c6 11. d3 cxb5 12. Nd4 Bg6 13. Nxb5 Nc6 14.
Nd2 Qb6 15. Qb1 Rd8 16. Nd4 Qa5 17. N2b3 Qa6 18. f4 Bd6 19. f5 exf5 20. Nxf5 Bxf5 21. Bxf6 gxf6 22. Rxf5 Qb6 23. d4 Be5 24. dxe5 Qxe3+ 25. Kf1 Nxe5 26. Qc1 Qe4 27. Rf4 Qg6 28. Nd4 Rc8 29.
Nf5 Kf8 30. Qa3+ Ke8 31. Qe7# 1-0

[Event "Early-Titled-Tuesday-Blitz-July-09-2024"]
[Site "Chess.com"]
[Date "2024.07.09"]
[Round "2"]
[White "boguszp"]
[Black "Kopytkin"]
[Result "0-1"]
[WhiteElo "1953"]
[BlackElo "2425"]
[TimeControl "180+1"]
[EndTime "8:16:14 PDT"]
[Termination "Kopytkin won on time"]

1. d4 c5 2. e3 d5 3. Nf3 Nf6 4. Be2 Nc6 5. O-O g6 6. c4 cxd4 7. cxd5 Qxd5 8. exd4 Bg7 9. Nc3 Qd8 10. Bf4 Nd5 11.
Nxd5 Qxd5 12. Be3 O-O 13. Rc1 Qxa2 14. Qd2 Be6 15. Rfd1 Rfd8 16. Ra1 Qd5 17. Ng5 Nxd4 18. Nxe6 Qxe6 19. Bxd4 Bxd4 20. Qe1 Qb6 21. Rac1 e5 22.
Rc2 Rac8 23. Rcd2 a5 24. Kf1 a4 25. Bf3 Qb5+ 26. Kg1 Qa5 27. Qe4 b5 0-1

[Event "Early-Titled-Tuesday-Blitz-July-09-2024"]
[Site "Chess.com"]
[Date "2024.07.09"]
[Round "2"]
[White "Andrey-Ivanov2011"]
[Black "Juicy_Fork"]
[Result "0-1"]
[WhiteElo "2165"]
[BlackElo "2457"]
[TimeControl "180+1"]
[EndTime "8:16:16 PDT"]
[Termination "Juicy_Fork won by checkmate"]

1. e4 e5 2. Nf3 Nc6 3. Bc4 Nf6 4. Ng5 d5 5. exd5 Na5 6. Bb5+ c6 7. dxc6 bxc6 8.
Be2 h6 9. Nh3 Bc5 10. O-O O-O 11. Nc3 Bxh3 12. gxh3 Qd7 13. Bg4 Nxg4 14. hxg4 f5 15. h3 fxg4 16. Qxg4 Qxg4+ 17. hxg4 Rf4 18. d3 Rxg4+ 19. Kh2 Rf8 20. Ne4 Rf5 21. Kh3 Rg6 22. Bg5 Rfxg5 23. Nxg5 Rxg5 24. a3 Nb7 25. f4 exf4 26. Rxf4 Re5 27. c3 Re3+ 28. Kg4 Rxd3 29. Re1 Nd6 30. b4 Bb6 31. c4 g5 32. Rf6 Rd4+ 33.
Kh5 Kg7 34. Rg6+ Kf7 35. Rxh6 Rh4+ 36. Kxg5 Bd8+ 37. Rf6+ Bxf6# 0-1

[Event "Early-Titled-Tuesday-Blitz-July-09-2024"]
[Site "Chess.com"]
[Date "2024.07.09"]
[Round "2"]
[White "esrosenberg"]
[Black "FollowRivers"]
[Result "1/2-1/2"]
[WhiteElo "2325"]
[BlackElo "2517"]
[TimeControl "180+1"]
[EndTime "8:16:19 PDT"]
[Termination "Game drawn by repetition"]

1. e4 c5 2. Nc3 g6 3. f4 Bg7 4. Nf3 Nc6 5. a4 e6 6. e5 d5 7. d4 cxd4 8. Nb5 Nge7 9. Nd6+ Kf8 10. Ng5 Qa5+ 11. Bd2 Qb6 12. Ngxf7 Nf5 13. Nxh8 Nxd6 14. Nxg6+ hxg6 15. exd6 Qd8 16. Bd3 Qxd6 17. O-O Ne7 18. Qe1 Kf7 19. Bb4 Qc7 20. Qg3 Nf5 21. Bxf5 gxf5 22.
c3 a5 23. Ba3 dxc3 24. bxc3 Bd7 25. h4 Rg8 26. Qf3 Bc6 27. Qh5+ Kf6 28. Qg5+ Kf7 29. Qh5+ Kf6 30. Qg5+ Kf7 31. Qh5+ 1/2-1/2

[Event "Early-Titled-Tuesday-Blitz-July-09-2024"]
[Site "Chess.com"]
[Date "2024.07.09"]
[Round "2"]
[White "nrvisakh"]
[Black "Chess_master1982"]
[Result "0-1"]
[WhiteElo "2924"]
[BlackElo "2648"]
[TimeControl "180+1"]
[EndTime "8:16:20 PDT"]
[Termination "Chess_master1982 won on time"]

1. d4 Nf6 2. Bg5 c5 3. d5 d6 4.
Nc3 b5 5. Nxb5 Ne4 6. Bd2 Nxd2 7. Qxd2 g6 8. e4 Bg7 9. c3 O-O 10. Bd3 a5 11. Ne2 a4 12. Na3 Ba6 13. O-O Qa5 14. Rac1 Nd7 15. Rfd1 Rfb8 16. Rc2 Ne5 17. Bxa6 Qxa6 18.
c4 Rb4 19. Rdc1 Rab8 20. Kf1 Qb6 21. f4 Ng4 22. h3 Bxb2 23. hxg4 Bxa3 24. Rd1 Rb2 25.
g5 Qb4 26. Qxb4 R8xb4 27. Rdd2 Rxc2 28. Rxc2 Rb1+ 29. Kf2 Bb2 30. Kg3 a3 31. Nc3 Ra1 32. Kf3 Bxc3 33. Rxc3 Rxa2 34. e5 Ra1 35. Kg3 Kf8 36.
Rb3 a2 37. Ra3 Kg7 38. exd6 exd6 39. Ra7 h6 40. gxh6+ Kxh6 41. Kg4 f6 42. Kg3 f5 43. Kh2 g5 44. fxg5+ Kxg5 45. Kg3 f4+ 46. Kh2 Kf5 0-1

[Event "Early-Titled-Tuesday-Blitz-July-09-2024"]
[Site "Chess.com"]
[Date "2024.07.09"]
[Round "2"]
[White "kuzol"]
[Black "prxcess_brownie"]
[Result "1-0"]
[WhiteElo "2480"]
[BlackElo "2223"]
[TimeControl "180+1"]
[EndTime "8:16:20 PDT"]
[Termination "kuzol won by resignation"]

1. d4 Nf6 2. Nc3 d5 3. Bf4 e6 4.
Nb5 Na6 5. e3 c6 6. Nc3 Nb8 7.
Bd3 Bd6 8. Bg3 Qc7 9. Nf3 Nbd7 10. e4 dxe4 11. Nxe4 Nxe4 12. Bxe4 Nf6 13. Bd3 O-O 14. Qe2 c5 15. dxc5 Qxc5 16. O-O-O Be7 17. Ne5 a6 18. Rhe1 b5 19. Kb1 Bb7 20. f3 Rac8 21.
Bh4 Rfd8 22. Nxf7 Kxf7 23. Qxe6+ Kf8 24. Bxf6 Bxf6 25. Bxh7 Rxd1+ 26. Rxd1 Re8 27. Qg8+ Ke7 28. Re1+ Be5 29. Qxg7+ Kd6 30. Qxb7 Qf2 31. Rd1+ Ke6 32. Qd7+ Kf6 33. Qxe8 1-0

[Event "Early-Titled-Tuesday-Blitz-July-09-2024"]
[Site "Chess.com"]
[Date "2024.07.09"]
[Round "2"]
[White "BlueWizzard"]
[Black "twofoxniel"]
[Result "1-0"]
[WhiteElo "2953"]
[BlackElo "2640"]
[TimeControl "180+1"]
[EndTime "8:16:21 PDT"]
[Termination "BlueWizzard won by resignation"]

1. d4 d5 2. Nc3 c6 3. Nf3 Nf6 4. Qd3 g6 5. Bg5 Bg7 6. Bxf6 Bxf6 7. e4 dxe4 8. Nxe4 Bg7 9. Qe3 O-O 10. Bc4 Nd7 11.
h4 Nf6 12. O-O-O Bg4 13. Nxf6+ exf6 14. h5 Re8 15. Qf4 Be6 16. Bxe6 Rxe6 17. hxg6 hxg6 18. d5 cxd5 19. Nd4 Re5 20. f3 Qb6 21. g4 Rc8 22.
Rh2 Rc4 23. c3 Qa5 24. Kb1 Ra4 25. a3 Qb6 26. Ka2 Rc4 27. Rdh1 Rc8 28. Rh7 Rg5 29.
Qh2 f5 30. Rh8+ 1-0

[Event "Early-Titled-Tuesday-Blitz-July-09-2024"]
[Site "Chess.com"]
[Date "2024.07.09"]
[Round "2"]
[White "manitodeplomo"]
[Black "maroro07"]
[Result "1-0"]
[WhiteElo "2599"]
[BlackElo "2373"]
[TimeControl "180+1"]
[EndTime "8:16:21 PDT"]
[Termination "manitodeplomo won by checkmate"]

1. e4 c5 2. g3 d6 3. Bg2 g6 4.
Ne2 Bg7 5. c3 e5 6. d4 cxd4 7.
cxd4 Nc6 8. Be3 Nf6 9. h3 O-O 10.
Nbc3 Re8 11. O-O exd4 12. Nxd4 Nxd4 13. Bxd4 Be6 14. Qd2 Qe7 15. Rfd1 b6 16. g4 Rad8 17. Qf4 h5 18. f3 Nd7 19. Bxg7 Kxg7 20. Rxd6 Nc5 21.
Rad1 Rxd6 22. Rxd6 Rd8 23. e5 hxg4 24. fxg4 Rxd6 25. exd6 Qh4 26. b4 Qe1+ 27. Kh2 Nd3 28. Qd4+ Ne5 29. Ne4 f6 30. g5 Nd7 31. Nxf6 Kf7 32.
Nxd7 Bxd7 33. Bd5+ Ke8 34. Qh8# 1-0

[Event "Early-Titled-Tuesday-Blitz-July-09-2024"]
[Site "Chess.com"]
[Date "2024.07.09"]
[Round "2"]
[White "chess_blitz00"]
[Black "norwaytoadog"]
[Result "0-1"]
[WhiteElo "2520"]
[BlackElo "2349"]
[TimeControl "180+1"]
[EndTime "8:16:21 PDT"]
[Termination "norwaytoadog won by resignation"]

1. Nf3 Nf6 2. d4 e6 3. Bh6 gxh6 4. Nbd2 d5 5. e3 c5 6. c3 Nc6 7. Bd3 Bd6 8. O-O Rg8 9. e4 dxe4 10. Nxe4 Nxe4 11.
Bxe4 Qc7 12. Bxh7 Rg7 13. Be4 Bd7 14. dxc5 Bxc5 15. b4 Bd6 16. Qd2 O-O-O 17. Qxh6 Rdg8 18. g3 f5 19. Bxc6 Qxc6 20. Nd4 Qc4 21. Rad1 Bc7 22. Qd2 f4 23. Ne2 Bc6 24. Qxf4 Bxf4 25. Nxf4 Qxf4 0-1

[Event "Early-Titled-Tuesday-Blitz-July-09-2024"]
[Site "Chess.com"]
[Date "2024.07.09"]
[Round "2"]
[White "ilovejokes555"]
[Black "DawidCzerw"]
[Result "1-0"]
[WhiteElo "2320"]
[BlackElo "2495"]
[TimeControl "180+1"]
[EndTime "8:16:22 PDT"]
[Termination "ilovejokes555 won by checkmate"]

1. e4 c5 2. Nf3 Nc6 3. d4 cxd4 4.
Nxd4 g6 5. c4 Nf6 6. Nc3 d6 7.
Be3 Ng4 8. Be2 Nxe3 9. fxe3 Bh6 10. Qd3 Ne5 11. Qd2 e6 12. O-O a6 13. Rae1 Qg5 14.
Bd1 Nxc4 15. Qf2 O-O 16. Nf3 Qc5 17. Na4 Qa7 18. Qh4 Bg7 19. Ng5 h6 20. Nxf7 Rxf7 21.
Qd8+ Rf8 22. Rxf8+ Bxf8 23. Rf1 b5 24. Rxf8+ Kg7 25.
Rg8+ Kh7 26. Rh8+ Kg7 27. Qf8# 1-0

[Event "Early-Titled-Tuesday-Blitz-July-09-2024"]
[Site "Chess.com"]
[Date "2024.07.09"]
[Round "2"]
[White "le-castor-faineant"]
[Black "SHIVACalypso"]
[Result "0-1"]
[WhiteElo "2287"]
[BlackElo "2503"]
[TimeControl "180+1"]
[EndTime "8:16:25 PDT"]
[Termination "SHIVACalypso won by resignation"]

1. e4 e6 2. d4 d5 3. Nc3 Nf6 4.
e5 Nfd7 5. Nf3 c5 6. Bg5 f6 7. exf6 Nxf6 8. dxc5 Bxc5 9. Bd3 O-O 10. O-O Nc6 11.
Re1 Qc7 12. Qe2 Ng4 13. Bh4 Rxf3 14. Qxf3 Qxh2+ 15. Kf1 Nd4 16. Qh3 Qxh3 17. gxh3 Nf6 18. Kg2 Kf7 19. Bxf6 gxf6 20. f4 Bd7 21. Ne2 Rg8+ 22.
Kh1 Nf3 23. Rf1 Nh4 24. c3 d4 25.
Be4 f5 26. cxd4 fxe4 27. dxc5 Bc6 28. Rg1 e3+ 29. Kh2 Nf3+ 30. Kh1 Nxg1+ 31. Kh2 Nxe2 0-1

[Event "Early-Titled-Tuesday-Blitz-July-09-2024"]
[Site "Chess.com"]
[Date "2024.07.09"]
[Round "2"]
[White "sergoy"]
[Black "DucksParadise"]
[Result "1-0"]
[WhiteElo "2931"]
[BlackElo "2629"]
[TimeControl "180+1"]
[EndTime "8:16:26 PDT"]
[Termination "sergoy won by resignation"]

1. d4 f5 2. c4 Nf6 3. Nf3 g6 4. b4 Bg7 5. e3 O-O 6. Nc3 d6 7.
Bb2 e6 8. Be2 Qe7 9. c5 Nc6 10.
b5 Nd8 11. cxd6 cxd6 12. O-O Nf7 13. a4 e5 14. dxe5 dxe5 15. Ba3 Qc7 16. Bxf8 Bxf8 17.
Rc1 Qe7 18. Bc4 Be6 19. Qb3 Bxc4 20. Qxc4 Kg7 21. Nd5 Nxd5 22. Qxd5 Rd8 23. Qb3 e4 24. Nd4 Ng5 25. h4 Rxd4 26. exd4 Nf3+ 27. gxf3 Qxh4 28. f4 Bd6 29. Qg3 Qh6 30. Qg5 Qh3 31. Rfe1 h6 32. Re3 hxg5 33. Rxh3 gxf4 34. Rhc3 g5 35. Rc7+ Bxc7 36. Rxc7+ Kf6 37. Rxb7 g4 38. Rxa7 f3 39. b6 f4 40. b7 e3 41. b8=Q e2 42. Qe5+ 1-0

[Event "Early-Titled-Tuesday-Blitz-July-09-2024"]
[Site "Chess.com"]
[Date "2024.07.09"]
[Round "2"]
[White "NajdorfPlayerc5"]
[Black "SpeedofLight0"]
[Result "0-1"]
[WhiteElo "2422"]
[BlackElo "3158"]
[TimeControl "180+1"]
[EndTime "8:16:28 PDT"]
[Termination "SpeedofLight0 won on time"]

1. e4 c6 2. d4 d5 3. e5 Bf5 4. h4 h6 5. g4 Be4 6. f3 Bh7 7. e6 Qd6 8. exf7+ Kxf7 9. Be3 e5 10.
Nc3 Nd7 11. Bd3 exd4 12. Bxd4 Re8+ 13. Kf1 Bxd3+ 14. Qxd3 Ngf6 15. Nge2 c5 16. Bxf6 Nxf6 17. Kg2 d4 18. Ne4 Nxe4 19. fxe4 Qe6 20. Raf1+ Kg8 21. Rf5 Qxe4+ 22. Qxe4 Rxe4 23. Kf3 Re3+ 24. Kf2 Kh7 25. c3 Re4 26. Kf3 Re3+ 27. Kf2 Bd6 28. cxd4 Rhe8 29.
Nc1 cxd4 30. Rd1 Bg3+ 31. Kg2 Bxh4 32. Rxd4 Rc8 33. Nd3 Rc2+ 34. Kf1 Rd2 35. Rd7 Rexd3 0-1

[Event "Early-Titled-Tuesday-Blitz-July-09-2024"]
[Site "Chess.com"]
[Date "2024.07.09"]
[Round "2"]
[White "Nbk90"]
[Black "AwareIdea"]
[Result "0-1"]
[WhiteElo "2263"]
[BlackElo "2491"]
[TimeControl "180+1"]
[EndTime "8:16:28 PDT"]
[Termination "AwareIdea won on time"]

1. d4 Nf6 2. c4 e6 3. Nf3 d5 4. g3 dxc4 5. Bg2 a6 6. O-O Nc6 7. b3 cxb3 8. axb3 Be7 9. Bb2 O-O 10. Nbd2 Nb4 11. Rc1 c6 12. Ne5 a5 13. e4 Qb6 14. Ndc4 Qc7 15. Qe2 Rd8 16. Rfd1 b6 17. d5 exd5 18. exd5 Nbxd5 19. Ne3 Bc5 20. Nxd5 Nxd5 21.
Bxd5 cxd5 22. Nd3 Ba6 23. Qg4 f5 24. Qxf5 Bc8 25. Qf4 Qxf4 26. Nxf4 d4 27. Nd3 Bg4 28. Nxc5 Bxd1 29. Ne6 Bxb3 30. Nxd8 Rxd8 0-1

[Event "Early-Titled-Tuesday-Blitz-July-09-2024"]
[Site "Chess.com"]
[Date "2024.07.09"]
[Round "2"]
[White "Beca95"]
[Black "MKlose11"]
[Result "1/2-1/2"]
[WhiteElo "2986"]
[BlackElo "2660"]
[TimeControl "180+1"]
[EndTime "8:16:29 PDT"]
[Termination "Game drawn - insufficient material"]

1. Nf3 Nf6 2. c4 g6 3. Nc3 c5 4.
e4 d6 5. d4 cxd4 6. Nxd4 Nc6 7.
Be2 Bg7 8. Be3 O-O 9. O-O Ng4 10.
Bxg4 Bxg4 11. f3 Nxd4 12. Bxd4 Be6 13. Bxg7 Kxg7 14. Qd4+ Kg8 15. b3 Qa5 16. Rfd1 Rac8 17. Ne2 b5 18. cxb5 Qxb5 19. Nf4 Rc2 20. Nxe6 fxe6 21.
Rd2 Rfc8 22. Rad1 Qa5 23. a4 Qc3 24. Qxc3 R8xc3 25. Rxc2 Rxc2 26. Rd4 a5 27. e5 d5 28. b4 axb4 29. Rxb4 Ra2 30. h4 Kf7 31. Kh2 h6 32. Kh3 Re2 33. f4 g5 34. fxg5 hxg5 35. h5 Rxe5 36. Kg4 Re2 37. g3 Re3 38. a5 Ra3 39. Kxg5 Rxg3+ 40. Rg4 Ra3 41. Rf4+ Kg8 42. Kg6 Rxa5 43.
Rf7 Ra6 44. Rxe7 e5+ 45. Kf5 e4 46. Ke5 Rh6 47. Kxd5 Rxh5+ 48. Kxe4 Rg5 49. Re5 Rxe5+ 50. Kxe5 1/2-1/2

[Event "Early-Titled-Tuesday-Blitz-July-09-2024"]
[Site "Chess.com"]
[Date "2024.07.09"]
[Round "2"]
[White "K_A_S_T_O_R"]
[Black "sergeikim"]
[Result "1-0"]
[WhiteElo "2862"]
[BlackElo "2589"]
[TimeControl "180+1"]
[EndTime "8:16:29 PDT"]
[Termination "K_A_S_T_O_R won on time"]

1. e4 e5 2. Nf3 Nc6 3. Bb5 a6 4. Ba4 Nf6 5. O-O b5 6. Bb3 Bc5 7. a4 Bb7 8. d3 d6 9. c3 h6 10. Re1 O-O 11. Nbd2 Bb6 12. Nf1 Nh5 13. Ne3 Nf4 14. g3 Ne6 15. Nd5 Ba7 16. Nh4 Ng5 17.
Kg2 Bc8 18. Bxg5 hxg5 19. Nf3 Bg4 20. axb5 axb5 21. Qd2 Bxf3+ 22. Kxf3 Ne7 23. Nxe7+ Qxe7 24. Bd5 Qf6+ 25. Kg2 c5 26. Bxa8 Rxa8 27. Ra6 Qe7 28. Rea1 Qc7 29. Qxg5 1-0

[Event "Early-Titled-Tuesday-Blitz-July-09-2024"]
[Site "Chess.com"]
[Date "2024.07.09"]
[Round "2"]
[White "Senn71"]
[Black "Rile-Man"]
[Result "0-1"]
[WhiteElo "2394"]
[BlackElo "2644"]
[TimeControl "180+1"]
[EndTime "8:16:29 PDT"]
[Termination "Rile-Man won on time"]

1. e4 Nc6 2. Nf3 d6 3. d4 Nf6 4. Nc3 g6 5. Be3 Bg7 6. h3 O-O 7. Qd2 a6 8. Bh6 e5 9. Bxg7 Kxg7 10. O-O-O exd4 11. Nxd4 Bd7 12. h4 h5 13. f3 Qe7 14.
Nxc6 bxc6 15. Bc4 a5 16. a4 Rab8 17. Rdg1 Qe5 18. f4 Qc5 19. f5 Qxc4 20. g4 Nxg4 21. Rxg4 hxg4 22. h5 Rh8 23. Qg5 Qc5 24. h6+ Kh7 25. Qf6 Rhg8 26. Qxf7+ Kh8 27. fxg6 Qg5+ 28. Kb1 Qxg6 29. Qxd7 Qf6 30. h7 Rg7 31. Qxc6 g3 0-1

[Event "Early-Titled-Tuesday-Blitz-July-09-2024"]
[Site "Chess.com"]
[Date "2024.07.09"]
[Round "2"]
[White "Hudijegszid"]
[Black "nicolochessit"]
[Result "0-1"]
[WhiteElo "2507"]
[BlackElo "2346"]
[TimeControl "180+1"]
[EndTime "8:16:29 PDT"]
[Termination "nicolochessit won by checkmate"]

1. b3 Nf6 2. Bb2 d5 3. Nf3 g6 4. c4 Bg7 5. cxd5 O-O 6. g3 Qxd5 7. Bg2 Nc6 8. O-O Qh5 9. Nc3 Bh3 10. d3 Ng4 11.
Qd2 Nce5 12. Nh4 Bxg2 13. Kxg2 g5 14. h3 gxh4 15. hxg4 Qxg4 16. Rh1 Ng6 17. Ne4 Bxb2 18. Qxb2 f5 19. f3 Qh5 20. Nf2 Qg5 21. g4 fxg4 22.
fxg4 Rf6 23. Rhg1 Raf8 24. Ne4 Qxg4+ 25. Kh2 Rf2+ 26. Nxf2 Rxf2+ 27. Kh1 Qh3# 0-1

[Event "Early-Titled-Tuesday-Blitz-July-09-2024"]
[Site "Chess.com"]
[Date "2024.07.09"]
[Round "2"]
[White "MarcoRiehle"]
[Black "gshwbedhkhd"]
[Result "1-0"]
[WhiteElo "2850"]
[BlackElo "2585"]
[TimeControl "180+1"]
[EndTime "8:16:31 PDT"]
[Termination "MarcoRiehle won by resignation"]

1. e4 c5 2. a3 g6 3. h4 Nf6 4.
e5 Nd5 5. c4 Nc7 6. h5 Bg7 7.
f4 d6 8. h6 Bf8 9. Nc3 Nc6 10.
Nf3 Bg4 11. Be2 e6 12. d3 d5 13. cxd5 exd5 14. Bd2 Qd7 15. O-O Bxh6 16. b4 cxb4 17.
axb4 Nxb4 18. Nd4 Bxe2 19. Qxe2 Nc6 20. Nxc6 bxc6 21. d4 O-O 22. f5 Bxd2 23. Qxd2 f6 24. fxg6 hxg6 25. exf6 Rae8 26. Rxa7 Rf7 27. Qg5 Qe6 28.
Qxg6+ Kh8 29. Qh6+ Rh7 30. Qf4 Qf7 31. Qf5 Rg8 32. Ne2 Rh5 33. Rxc7 Qe8 34. f7 Rxg2+ 35. Kxg2 Qxe2+ 36. Rf2 1-0

[Event "Early-Titled-Tuesday-Blitz-July-09-2024"]
[Site "Chess.com"]
[Date "2024.07.09"]
[Round "2"]
[White "Statham_01"]
[Black "HansOnTwitch"]
[Result "0-1"]
[WhiteElo "2677"]
[BlackElo "3134"]
[TimeControl "180+1"]
[EndTime "8:16:32 PDT"]
[Termination "HansOnTwitch won on time"]

1. e4 c5 2. a3 d5 3. exd5 Qxd5 4. Nc3 Qd8 5. Nf3 Nf6 6. d4 cxd4 7. Qxd4 Qxd4 8. Nxd4 a6 9. Bf4 Nbd7 10. O-O-O e6 11. Bc4 Be7 12. Rhe1 Nb6 13. Bb3 Bd7 14. f3 Rc8 15.
Ne4 Nxe4 16. Rxe4 h5 17. Be3 Nc4 18. Bf4 b5 19. Kb1 h4 20. Ka2 Rh5 21. g4 hxg3 22.
hxg3 Bf6 23. g4 Rd5 24. c3 Kf8 25. Rh1 g5 26. Bg3 a5 27. f4 gxf4 28. Rxf4 Be5 29. Rf3 Bxg3 30. Rxg3 a4 31. Bc2 e5 32. Nf5 Bxf5 33.
gxf5 Ke7 34. Rh6 Rd6 35. Rh7 Rd2 36. f6+ Ke6 37. Kb1 Rf2 38. Rgg7 Rxf6 39. Bd1 Rd8 40.
Bg4+ Ke7 41. Kc2 Rf1 0-1

[Event "Early-Titled-Tuesday-Blitz-July-09-2024"]
[Site "Chess.com"]
[Date "2024.07.09"]
[Round "2"]
[White "KhBegmuratov"]
[Black "ManMish2"]
[Result "1-0"]
[WhiteElo "2903"]
[BlackElo "2611"]
[TimeControl "180+1"]
[EndTime "8:16:32 PDT"]
[Termination "KhBegmuratov won on time"]

1. e4 e5 2. Nf3 Nc6 3. Bc4 Nf6 4. d3 Bc5 5. c3 d6 6. O-O a6 7. a4 Ba7 8. h3 O-O 9. Re1 Ne7 10. Nbd2 Ng6 11.
Nf1 Re8 12. Be3 c6 13. Bxa7 Rxa7 14. Ng3 d5 15. Bb3 b6 16. d4 dxe4 17. Nxe5 Nxe5 18. dxe5 Rd7 19. e6 fxe6 20. Qc1 Rd2 21. Nf1 Rd6 22. Bc2 c5 23. Ng3 Rd2 24. Bxe4 e5 25. Rd1 Rxd1+ 26. Qxd1 Be6 27. Qe2 Qc8 28. Kh2 Bd7 29. a5 b5 30.
Rd1 Bc6 31. Bxc6 Qxc6 32. Nf5 Qc7 33. Rd6 e4 34. Kg1 Re5 35. Nh6+ gxh6 36. Rxf6 Kg7 37. Rxa6 Qd7 38. Qg4+ Qxg4 39. hxg4 b4 40. Ra7+ Kg6 41.
a6 e3 42. fxe3 Rxe3 43. cxb4 cxb4 44. Rb7 Re1+ 45. Kf2 Ra1 46. a7 Kg5 47. b3 Kxg4 48. Rxb4+ Kf5 49. Ra4 1-0

[Event "Early-Titled-Tuesday-Blitz-July-09-2024"]
[Site "Chess.com"]
[Date "2024.07.09"]
[Round "2"]
[White "EgorYakovlev"]
[Black "HypeMan111"]
[Result "1-0"]
[WhiteElo "2503"]
[BlackElo "2291"]
[TimeControl "180+1"]
[EndTime "8:16:32 PDT"]
[Termination "EgorYakovlev won by resignation"]

1. e4 c5 2. Nf3 d6 3. d4 cxd4 4. Nxd4 Nf6 5. Nc3 a6 6. Bg5 e6 7. f4 Be7 8. Qf3 Qc7 9. O-O-O Nbd7 10. g4 h6 11. Bh4 g5 12. fxg5 Ne5 13. Qg3 hxg5 14.
Bxg5 Rg8 15. h4 Nfxg4 16. Bh3 Bxg5+ 17. hxg5 Qe7 18. Kb1 Qxg5 19. Nf3 Nxf3 20. Qxf3 Ne5 21. Qf2 Qe7 22. Qb6 Nc6 23. Rhg1 Rh8 24. Bg4 a5 25.
Nb5 Kf8 26. Nxd6 Bd7 27. Rgf1 Rg8 28. Rxf7+ 1-0

[Event "Early-Titled-Tuesday-Blitz-July-09-2024"]
[Site "Chess.com"]
[Date "2024.07.09"]
[Round "2"]
[White "Zohid6"]
[Black "chessbaerchen"]
[Result "1-0"]
[WhiteElo "2984"]
[BlackElo "2646"]
[TimeControl "180+1"]
[EndTime "8:16:33 PDT"]
[Termination "Zohid6 won by resignation"]

1. e4 e6 2. d4 d5 3. Nc3 Nf6 4. e5 Nfd7 5. Nce2 c5 6. c3 Nc6 7.
Nf3 Be7 8. a3 f6 9. Nf4 Nf8 10.
exf6 Bxf6 11. Nh5 cxd4 12. cxd4 g6 13. Nxf6+ Qxf6 14. Bg5 Qg7 15. Bb5 h6 16. Bf4 Nd7 17.
Bd6 a6 18. Bxc6 bxc6 19. O-O Nf6 20. Re1 Ne4 21. Be5 Nf6 22. Qc2 Bd7 23. Qc5 Qe7 24. Bxf6 Qxf6 25. Ne5 Rf8 26. Re2 Rd8 27. Rae1 g5 28.
f3 h5 29. Nxd7 Kxd7 30. Qa7+ Kd6 31. Rc2 Rc8 32. Rce2 Rfe8 33. b4 Re7 34. Qc5+ Kd7 35. a4 Ke8 36. b5 axb5 37. axb5 Kf7 38. bxc6 Rec7 39. Qd6 Rxc6 40. Qd7+ Qe7 41. Qxd5 Rc1 42. Rxe6 Qd8 43. Re7+ 1-0

[Event "Early-Titled-Tuesday-Blitz-July-09-2024"]
[Site "Chess.com"]
[Date "2024.07.09"]
[Round "2"]
[White "Me_ch_an"]
[Black "Sinquefield"]
[Result "0-1"]
[WhiteElo "2312"]
[BlackElo "2523"]
[TimeControl "180+1"]
[EndTime "8:16:34 PDT"]
[Termination "Sinquefield won by resignation"]

1. e4 d6 2. d4 Nf6 3. Nc3 Nbd7 4. f4 e5 5. Nf3 exd4 6. Nxd4 c6 7. Be2 g6 8. O-O Bg7 9. Be3 O-O 10. Bf3 Re8 11.
Nb3 Qc7 12. Qd3 a5 13. a4 h5 14. Rad1 Bf8 15. Bd4 Ng4 16. Bxg4 hxg4 17. Qg3 Nb6 18. f5 Nc4 19. Qxg4 Ne5 20. Qh4 Qe7 21. f6 Qe6 22.
Rf4 Bd7 23. Be3 Nc4 24. Bc1 Qe5 25. Rd3 d5 26. exd5 Bf5 27. Rdf3 Qe1+ 28. Rf1 Qxh4 29. Rxh4 Bxc2 30. Rxc4 Bxb3 31. Rh4 cxd5 32. Bd2 d4 33. Ne4 Bd5 34. Ng3 Re2 35. Bc1 Rxg2+ 36. Kh1 Rxg3+ 0-1

[Event "Early-Titled-Tuesday-Blitz-July-09-2024"]
[Site "Chess.com"]
[Date "2024.07.09"]
[Round "2"]
[White "Cxrjs"]
[Black "coalescenet"]
[Result "1-0"]
[WhiteElo "2521"]
[BlackElo "2311"]
[TimeControl "180+1"]
[EndTime "8:16:36 PDT"]
[Termination "Cxrjs won by resignation"]

1. e4 c6 2. d4 d5 3. e5 Bf5 4. h4 h6 5. g4 Bd7 6. h5 e6 7.
f4 c5 8. c3 Nc6 9. Nf3 cxd4 10. Nxd4 a6 11. Nd2 Nge7 12. N2f3 Nxd4 13. Nxd4 Nc6 14.
Be3 Qb6 15. Qd2 Nxd4 16. Bxd4 Qa5 17. Bd3 Bb5 18. Bc2 Ba4 19. f5 Be7 20. fxe6 fxe6 21.
Bg6+ Kd7 22. O-O Raf8 23. b3 Bb5 24. Rxf8 Rxf8 25. a4 Bc6 26. b4 Qc7 27. c4 Kc8 28. b5 Be8 29. cxd5 Bc5 30. d6 Bxd4+ 31. Qxd4 Qa5 32. Bxe8 1-0

[Event "Early-Titled-Tuesday-Blitz-July-09-2024"]
[Site "Chess.com"]
[Date "2024.07.09"]
[Round "2"]
[White "isla88"]
[Black "Ganziitoo"]
[Result "1-0"]
[WhiteElo "2434"]
[BlackElo "2085"]
[TimeControl "180+1"]
[EndTime "8:16:37 PDT"]
[Termination "isla88 won by resignation"]

1. Nf3 Nf6 2. b3 d5 3. Bb2 e6 4. e3 Be7 5. d4 O-O 6. Bd3 c5 7. Nbd2 b6 8. Ne5 Bb7 9. O-O Ne4 10. f4 f6 11. Nef3 f5 12. c4 Nc6 13. cxd5 exd5 14. Rc1 Rc8 15. Qe2 Nb4 16. a3 Nxd3 17. Qxd3 Bf6 18. Ne5 Bxe5 19. dxe5 Qe7 20. Rfd1 Rfd8 21. Qe2 h6 22. Qe1 Ba6 23. b4 cxb4 24. Nxe4 dxe4 25. axb4 Bd3 26. Bd4 Kh7 27. Qd2 Rxc1 28. Rxc1 Rd7 29. Rc8 Rc7 30. Rxc7 Qxc7 31. Bc3 Kg8 32. e6 Qe7 33.
Qa2 Kh7 34. Qd5 Ba6 35. Qxf5+ Kg8 36. Qxe4 Bc8 37. f5 Qd6 38. h3 Qd1+ 39. Kh2 Qd6+ 40. Be5 Qe7 41. Qd5 Bb7 42. Qd2 Qxb4 43. Qd8+ Kh7 44.
Qd7 1-0

[Event "Early-Titled-Tuesday-Blitz-July-09-2024"]
[Site "Chess.com"]
[Date "2024.07.09"]
[Round "2"]
[White "Vaporwaffle94"]
[Black "alreadybroken23"]
[Result "1-0"]
[WhiteElo "2228"]
[BlackElo "2676"]
[TimeControl "180+1"]
[EndTime "8:16:38 PDT"]
[Termination "Vaporwaffle94 won by resignation"]

1. e4 Nc6 2. Nf3 d5 3. exd5 Qxd5 4. Nc3 Qh5 5. Be2 Bg4 6. O-O Nf6 7. h3 Bd7 8. d4 Qa5 9. a3 e6 10. Bg5 Be7 11. b4 Nxb4 12. axb4 Qxb4 13. Bxf6 gxf6 14. Ne4 f5 15. Ng3 Bd6 16. Rb1 Qa5 17. Rxb7 Bc6 18. Rb1 Rg8 19. Nh5 Ke7 20. c4 Be4 21. Rb5 Qc3 22.
c5 Qa3 23. cxd6+ Qxd6 24. Ne5 Rad8 25. Bf3 Qxd4 26. Qxd4 Rxd4 27. Bxe4 Rxe4 28. Nf3 Rc8 29. Rc5 Ra4 30. Rfc1 a5 31. Rxc7+ Rxc7 32. Rxc7+ Kd6 33. Rxf7 Ra1+ 34. Kh2 a4 35. Ra7 a3 36. Ra6+ Kd5 37. Nf4+ Ke4 38. Nxe6 a2 39. Neg5+ Kd3 40. Nxh7 Ke2 41.
Nf8 Kxf2 42. Ng6 f4 43. Nxf4 Ke3 44. Nd5+ Kf2 45. Nb4 Rb1 46. Rxa2+ Ke3 47. Nc2+ Kf4 48. Ra4+ Kf5 49. Rg4 Kf6 50. Ne3 Rb8 51. Rf4+ Kg6 52. Nh4+ Kg5 53. Rg4+ Kh5 54. Nef5 Rg8 55. Ng3+ Kh6 56.
Rxg8 1-0